 Dungeon Crawl Stone Soup version 0.25.1-2-g60ff931df9 (webtiles) character file.

Game seed: 10163818772546177213

2916 Delamore the Basher (level 9, -1/60 HPs)
             Began as a Gargoyle Fighter on Aug 13, 2020.
             Slain by an iguana (3 damage)
             ... on level 7 of the Dungeon.
             The game lasted 00:07:07 (6663 turns).

Delamore the Basher (Gargoyle Fighter)              Turns: 6663, Time: 00:07:08

Health: -1/60      AC: 21    Str: 22    XL:     9   Next: 78%
Magic:  9/9        EV:  5    Int: 10    God:
Gold:   301        SH:  9    Dex: 13    Spells: 8/8 levels left

rFire    . . .     SeeInvis .   u - +1 whip (elec)
rCold    . . .     Gourm    .   c - +0 kite shield
rNeg     + . .     Faith    .   n - +0 chain mail
rPois    ∞         Spirit   .   w - +0 helmet of Ucyoge {Dex+4}
rElec    +         Reflect  .   (no cloak)
rCorr    .         Harm     .   (no gloves)
MR       .....                  j - +0 pair of boots
Stlth    ..........             (no amulet)
HPRegen  0.20/turn              e - +4 ring of slaying
MPRegen  0.11/turn              q - +4 ring of protection

@: mighty, mesmerised
A: negative energy resistance 1, electricity resistance, unbreathing,
petrification resistance, rot immunity, AC +6
a: no special abilities


You were on level 7 of the Dungeon.
You were not hungry.

You visited 1 branch of the dungeon, and saw 7 of its levels.

You collected 301 gold pieces.

Inventory:

Hand Weapons
 u - a +1 whip of electrocution (weapon)
Armour
 c - a +0 kite shield (worn)
 j - a +0 pair of boots (worn)
 n - a +0 chain mail (worn)
 w - the +0 helmet of Ucyoge (worn) {Dex+4}
   (You found it on level 6 of the Dungeon)

   It affects your dexterity (+4).
Jewellery
 e - a +4 ring of slaying (left hand)
 q - a +4 ring of protection (right hand)
Scrolls
 a - a scroll of amnesia
 b - 6 scrolls of teleportation
 g - 2 scrolls of fog
 r - a scroll of blinking
 s - 3 scrolls of magic mapping
 y - a scroll of identify
Potions
 h - a potion of invisibility {unknown}
 i - a potion of haste {unknown}
 k - 2 potions of stabbing
 l - a potion of berserk rage {unknown}
 m - 2 potions of magic {unknown}
 o - a potion of brilliance {unknown}
 p - a potion of resistance {unknown}
 v - a potion of flight {unknown}
 x - a potion of cancellation {unknown}
 z - a potion of degeneration {unknown}
 A - a potion of heal wounds {unknown}
Comestibles
 f - 14 rations
 B - 6 chunks of flesh


   Skills:
 + Level 8.8 Fighting
 * Level 11.0 Maces & Flails
 - Level 3.2 Armour
 - Level 3.2 Shields


You had 8 spell levels left.
You didn't know any spells.
Your spell library was empty.

Dungeon Overview and Level Annotations

Branches:
Dungeon (7/15)
 Temple: D:4-7

Altars:
Ashenzari
Cheibriados
Elyvilon
Fedhas
Qazlal
Trog
Wu Jian
Xom
Yredelemnul

Annotations:
D:7 Maggie


Innate Abilities, Weirdness & Mutations

You are resistant to torment.
Your stone body is resilient. (AC +6)
You are immune to poison.
You resist negative energy. (rN+)
You are resistant to electric shocks. (rElec)
You can survive without breathing.
You are immune to petrification.
You are immune to rotting.


Message History

* * * LOW HITPOINT WARNING * * *
Maggie burns you.
* * * LOW HITPOINT WARNING * * *
The ogre hits you with a +0 giant spiked club!
* * * LOW HITPOINT WARNING * * *
You completely miss the ogre.
The ogre is severely wounded.
You whack the ogre!
You kill the ogre!
Your Maces & Flails skill increases to level 11!
You block Maggie's attack.
You hit Maggie.
Maggie is heavily wounded.
The crimson imp lashes its tail.
You hit Maggie. Lightning courses through Maggie!
Maggie is almost dead.
Maggie mumbles some strange words.
Maggie draws you further into her thrall.
The iguana bites you.
You die...

#.# .# #.#
.# #.##.#
#.#..#
#.#..#
#.#..# #
#.#..#.#
#..##..#...
##.@l5...#
#..@....#
#.8...8.#
#.......#
#.).....#
#.8...8.#
#....$..#
#.......#


You could see Maggie (mesmerising), an iguana and a crimson imp.

Vanquished Creatures
  Pikel (D:6)
  Menkaure (D:5)
  A phantom (D:5)
  An orc warrior (D:6)
  A sky beast (D:5)
  2 ogres
  2 centaurs
  5 bullfrogs
  A water moccasin skeleton (D:5)
  3 scorpions
  4 killer bees
  3 howler monkeys
  A crimson imp (D:6)
  A bullfrog zombie (D:6)
  A centaur zombie (D:7)
  3 orc priests
  3 hounds
  A jelly (D:6)
  Crazy Yiuf (D:6)
  2 orc wizards (D:6)
  Jessica (D:1)
  9 worker ants
  Terence (D:2)
  A hound skeleton (D:7)
  4 gnolls (D:5)
  8 adders
  A shadow imp (D:5)
  4 adder skeletons
  2 worms
  5 dart slugs
  7 leopard geckos
  11 orcs
  6 bats
  A bat skeleton (D:2)
  4 giant cockroaches
  11 hobgoblins
  17 jackals
  13 kobolds
  2 quokkas
  A ball python (D:2)
  12 frilled lizards
  8 goblins
  A quokka zombie (D:6)
  13 rats
181 creatures vanquished.

Vanquished Creatures (others)
  A bullfrog (D:6)
  A hound skeleton (D:6)
  A giant cockroach (D:6)
  2 jackals (D:6)
5 creatures vanquished.

Grand Total: 186 creatures vanquished

Notes
Turn   | Place    | Note
-------+----------+-------------------------------------------
     0 | D:1      | Delamore the Gargoyle Fighter began the quest for the Orb.
     0 | D:1      | Reached XP level 1. HP: 14/14 MP: 1/1
   219 | D:1      | Reached XP level 2. HP: 19/19 MP: 2/2
   252 | D:1      | Reached skill level 3 in Maces & Flails
   525 | D:1      | Reached XP level 3. HP: 23/23 MP: 3/3
  1144 | D:1      | Reached skill level 4 in Maces & Flails
  1338 | D:2      | Reached XP level 4. HP: 25/28 MP: 4/4
  1668 | D:2      | Noticed Jessica
  1734 | D:1      | Killed Jessica
  2012 | D:2      | Reached skill level 5 in Maces & Flails
  2042 | D:2      | Reached XP level 5. HP: 32/32 MP: 5/5
  2042 | D:2      | Noticed Terence
  2048 | D:2      | Killed Terence
  2499 | D:2      | Found a blossoming altar of Fedhas.
  2804 | D:3      | Reached skill level 6 in Maces & Flails
  2866 | D:3      | Reached XP level 6. HP: 37/37 MP: 6/6
  3186 | D:4      | Found a shattered altar of Ashenzari.
  3296 | D:4      | Found a snail-covered altar of Cheibriados.
  3492 | D:4      | Found a white marble altar of Elyvilon.
  3493 | D:4      | Found a shimmering altar of Xom.
  3536 | D:4      | Reached skill level 7 in Maces & Flails
  3645 | D:4      | Reached XP level 7. HP: 41/41 MP: 7/7
  3975 | D:5      | Entered Level 5 of the Dungeon
  4035 | D:5      | Noticed Menkaure
  4042 | D:5      | Killed Menkaure
  4165 | D:5      | Reached skill level 8 in Maces & Flails
  4361 | D:5      | Reached skill level 5 in Fighting
  4361 | D:5      | Reached XP level 8. HP: 49/49 MP: 8/8
  4927 | D:6      | Noticed Pikel
  4948 | D:6      | Killed Pikel
  4948 | D:6      | Reached skill level 9 in Maces & Flails
  4960 | D:6      | Reached XP level 9. HP: 49/57 MP: 9/9
  5092 | D:6      | Found a basalt altar of Yredelemnul.
  5212 | D:6      | Reached skill level 10 in Maces & Flails
  5436 | D:6      | Found a runed translucent door.
  5437 | D:6      | Noticed Crazy Yiuf
  5786 | D:6      | Found an ornate altar of the Wu Jian Council.
  6080 | D:6      | Got a fading helmet
  6086 | D:6      | Identified the cursed +0 helmet of Ucyoge {Dex+4} (You
                  | found it on level 6 of the Dungeon)
  6214 | D:6      | Killed Crazy Yiuf
  6546 | D:7      | Found a bloodstained altar of Trog.
  6597 | D:7      | Found a stormy altar of Qazlal.
  6642 | D:7      | Noticed Maggie
  6659 | D:7      | HP: 1/60 [ogre/+0 giant spiked club (15)]
  6661 | D:7      | Reached skill level 11 in Maces & Flails
  6663 | D:7      | Slain by an iguana

Illustrated notes

Levels and vault maps discovered:
D:1:      dpeg_arrival_rhombus, layout_loops_corners
D:2:      layout_loops_ring, fedhas_altar_fruit_tree, serial_undead,
          serial_undead_f, serial_undead_d, serial_undead_a, serial_undead_a,
          minmay_pentomino_u2, uniq_jessica, uniq_terence
D:3:      layout_rooms, kennysheep_cross_room
D:4:      layout_gridville, kennysheep_slug_shrine, minitemple, first_ration,
          evilmike_ruin_ashenzari
D:5:      layout_basic, uniq_menkaure
D:6:      layout_loops_ring, yredelemnul_altar_generic, old_standard_altar,
          uniq_crazy_yiuf_cottage, uniq_pikel
D:7:      layout_basic, nicolae_qazlal_style_of_elements, bloody_trog,
          kennysheep_mini, temple_hall, uniq_maggie

Skill      XL: |  1  2  3  4  5  6  7  8  9 |
---------------+----------------------------+-----
Maces & Flails | 3 4 5 6 7 8 9 11 | 11.0
Fighting       | 5 7 8 |  8.8
Armour         | |  3.2
Shields        | |  3.2

Action                   |  1- 3 |  4- 6 |  7- 9 || total
-------------------------+-------+-------+-------++-------
Melee: Flail             |   132 |   169 |       ||   301
       Mace              |       |    95 |   136 ||   231
       Whip              |       |       |   126 ||   126
  Use: Scroll            |       |    10 |     2 ||    12
       Potion            |       |       |     1 ||     1
  Eat: Chunk             |     1 |     8 |    10 ||    19
Armor: Scale mail        |   107 |    38 |       ||   145
       Chain mail        |       |   116 |   145 ||   261
Dodge: Dodged            |    63 |    66 |    50 ||   179
Block: Kite shield       |    90 |   119 |   113 ||   322
